 Dungeon Crawl Stone Soup version 0.29-a0-234-g0dae59b3db (webtiles) character file.

Game seed: 12802917316283469612

28373 fragbeetle the Grappler (level 13, 0/135 HPs)
             Began as a White Draconian Transmuter on Mar 2, 2022.
             Was a High Priest of Nemelex Xobeh.
             Slain by a yak (14 damage)
             ... on level 6 of the Lair of Beasts on Mar 3, 2022.
             The game lasted 00:42:25 (18094 turns).

fragbeetle the Grappler (DrTm)                     Turns: 18094, Time: 00:42:26

Health: 0/135      AC:  9    Str: 17    XL:     13   Next: 9%
Magic:  5/20       EV: 13    Int: 19    God:    Nemelex Xobeh [*****.]
Gold:   757        SH:  0    Dex:  8    Spells: 3/16 levels left

rFire   + + .      SeeInvis +     - Unarmed
rCold   + + .      Faith    .   (shield currently unavailable)
rNeg    . . .      Spirit   .   (body armour unavailable)
rPois   +          Reflect  .   (helmet currently unavailable)
rElec   .          Harm     .   (cloak currently unavailable)
rCorr   +          Rampage  .   (gloves currently unavailable)
Will    .....                   (boots currently unavailable)
Stlth   ++........              H - amulet "Dashre" {Acrobat rF++ rC- Regen+ SInv}
HPRegen 1.12/turn               f - ring of resist corrosion
MPRegen 0.17/turn               e - ring of Lies {rF+ EV+4 Int+4 Dex-3 Stlth+}

@: mighty, ice-form, very slightly contaminated, hasted and slowed, studying
Slings
A: freezing attack, amphibious, boosted hp, (breathe frost), AC +8, large,
unfitting armour, (cold resistance 1), (cold-blooded)
a: End Transformation, Renounce Religion, Draw Escape, Draw Destruction, Draw
Summoning, Triple Draw, Deal Four, Stack Five


You were on level 6 of the Lair of Beasts.
You worshipped Nemelex Xobeh.
Nemelex Xobeh was extremely pleased with you.
You were a creature of crystalline ice.
You visited 3 branches of the dungeon, and saw 15 of its levels.
You visited the Abyss 1 time.
You also visited: Ossuary.

You collected 1266 gold pieces.
You spent 509 gold pieces at shops.

Inventory:

Missiles
 m - 9 curare-tipped darts
 u - 3 boomerangs of dispersal
 O - 49 poisoned darts
Armour
 s - a +0 pair of gloves (melded)
 y - a +2 pair of boots (melded)
 C - the +1 cloak "Lofaun" (melded) {Str+6 Dex-2}
   (You found it on level 6 of the Dungeon)

   Str:       It affects your strength (+6).
   Dex:       It affects your dexterity (-2).
Jewellery
 e - the ring of Lies (right front paw) {rF+ EV+4 Int+4 Dex-3 Stlth+}
   (You found it on level 2 of the Lair of Beasts)

   [ring of evasion]

   EV:        It affects your evasion (+4).
   Int:       It affects your intelligence (+4).
   Dex:       It affects your dexterity (-3).
   rF:        It protects you from fire.
   Stlth:     It makes you more stealthy.
 f - a ring of resist corrosion (left front paw)
 h - a +6 ring of strength
 H - the amulet "Dashre" (around neck) {Acrobat rF++ rC- Regen+ SInv}
   (You found it on level 6 of the Dungeon)

   [amulet of the acrobat]

   It increases your evasion while moving and waiting.
   rF:        It greatly protects you from fire.
   rC:        It makes you vulnerable to cold.
   SInv:      It lets you see invisible.
   Regen:     It increases your rate of health regeneration.
 N - a ring of fire
 R - a ring of protection from fire
Wands
 i - a wand of paralysis (4)
 x - a wand of acid (1)
 B - a wand of iceblast (20)
 J - a wand of flame (32)
 M - a wand of polymorph (12)
 Q - a wand of mindburst (3)
Scrolls
 a - 5 scrolls of magic mapping
 b - 2 scrolls of teleportation
 c - 3 scrolls of fear
 p - 2 scrolls of fog
 t - 5 scrolls of immolation
 E - 3 scrolls of silence
 F - a scroll of summoning
 G - 3 scrolls of vulnerability
 L - a scroll of enchant armour {unknown}
 P - 2 scrolls of amnesia
Potions
 d - 3 potions of flight
 g - 7 potions of curing
 j - 3 potions of invisibility
 l - 2 potions of berserk rage
 n - 3 potions of ambrosia
 o - a potion of cancellation
 r - 3 potions of haste
 w - a potion of mutation
 z - 2 potions of might
 A - 5 potions of attraction
 D - 2 potions of lignification
 I - a potion of magic {unknown}
 K - a potion of brilliance


   Skills:
 - Level 10.0 Fighting
 - Level 1.7 Dodging
 + Level 14.6 Unarmed Combat
 - Level 2.0 Spellcasting
 - Level 10.0 Transmutations
 - Level 8.0 Ice Magic
 - Level 10.0 Invocations


You had 3 spell levels left.
You knew the following spells:

 Your Spells              Type           Power      Damage    Failure   Level
a - Beastly Appendage     Tmut           78%        N/A       1%          1
b - Spider Form           Tmut/Pois      20%        N/A       6%          3
c - Ice Form              Ice/Tmut       36%        N/A       4%          4
d - Wereblood             Tmut           39%        N/A       1%          2
e - Frozen Ramparts       Ice            64%        1d8       1%          3

Your spell library contained the following spells:

 Spells                   Type           Power      Damage    Failure   Level
 Shock                    Conj/Air       4%         1d3       17%         1
 Conjure Flame            Conj/Fire      1%         6-21      45%         3
 Swiftness                Air            1%         N/A       45%         3
 Tukima's Dance           Hex            1%         N/A       45%         3
 Yara's Violent Unravell  Hex/Tmut       10%        3d6       52%         5
 Metabolic Englaciation   Hex/Ice        8%         N/A       65%         5
 Freezing Cloud           Conj/Ice/Air   6%         6-21      85%         5
 Airstrike                Air            0%         N/A       86%         4
 Animate Dead             Necr           0%         N/A       86%         4
 Passage of Golubria      Tloc           1%         N/A       86%         4
 Haunt                    Necr/Summ      0%         N/A       100%        7
 Infestation              Necr           0%         N/A       100%        8
 Polar Vortex             Ice            16%        N/A       100%        9


Dungeon Overview and Level Annotations

Branches:
Dungeon (10/15)            Temple (1/1) D:5            Lair (3/6) D:9
  Swamp (0/4) Lair:3          Orc (0/2) D:9         Ossuary (visited)
  Snake: Lair:2-4    Spider: Lair:2-4

Altars:
Ashenzari
Cheibriados
Dithmenos
Elyvilon
Fedhas
Gozag
Hepliaklqana
Kikubaaqudgha
Makhleb
Nemelex Xobeh
Okawaru
Qazlal
Ru
Sif Muna
Trog
Uskayaw
Vehumet
Wu Jian
Xom
Yredelemnul
Zin
The Shining One

Shops:
D:1 [   D:5 !   D:8 *   D:9 ?

Annotations:
D:8 exclusion: downstairs
D:10 Lodul


Innate Abilities, Weirdness & Mutations

You are a creature of crystalline ice.
You have a powerful freezing melee attack.
You are amphibious.
Your maximum health is increased.
Your armour is entirely melded.
You are incapable of wielding weapons or throwing items.
((You can breathe waves of freezing cold which knock back foes.))
((Your icy white scales are hard. (AC +8)))
You cannot fit into any form of body armour.
((Your flesh is cold resistant. (rC+)))
((You are cold-blooded and may be slowed by cold attacks.))


Message History

The wall freezes the yak.
You feel yourself speed up.
The dream sheep ruffle their wool and motes of dream dust sparkle, to no effect.
The wall freezes the dream sheep.
The dream sheep barely misses you.
The wall freezes the yak!
The yak gores you.
* * * LOW HITPOINT WARNING * * *
The wraith resists.
The wall freezes the wraith.
The wraith misses you.
The wall freezes the yak.
The wall freezes the dream sheep.
The dream sheep completely misses you.
You feel very mighty all of a sudden.
The wall freezes the yak.
The yak gores you.
* * * LOW HITPOINT WARNING * * *
The wraith completely resists.
The wall freezes the wraith but does no damage.
The wraith hits you but does no damage.
The wall freezes the yak.
The wall freezes the dream sheep.
The dream sheep misses you.
You hit the yak. You freeze the yak.
The yak is almost dead.
The wall freezes the yak.
The yak gores you!
* * * LOW HITPOINT WARNING * * *
The wraith resists.
The wall freezes the wraith.
The wraith hits you!
* * * LOW HITPOINT WARNING * * *
The wraith drains your vigour!
You feel as though you will be slow longer.
The wall freezes the yak.
The wall freezes the dream sheep.
The dream sheep bites you.
* * * LOW HITPOINT WARNING * * *
You feel better.
The wall freezes the yak!
You kill the yak!
The wraith resists.
The wall freezes the wraith.
The wraith barely misses you.
The wall freezes the yak.
The dream sheep ruffle their wool and motes of dream dust sparkle, to no effect.
The wall freezes the dream sheep.
You kill the dream sheep!
Your life force feels restored.
You pummel the wraith!! You freeze the wraith.
You destroy the wraith!
The frozen ramparts melt away.
The yak gores you!
You die...
Your body glows with a rainbow of weird colours and disappears.

.#.....
.........
.........
.........
.........
#...#....
##.YPP....
#YY.......
##YY......
#...P.....
##........
#...#....
#P.#. ...
##.... ..
## .P .
..Y


You could see 3 yaks and a dream sheep.

Vanquished Creatures
  A hydra (Lair:3)
  Erolcha (D:10)
  A boulder beetle (Lair:2)
  A centaur warrior (D:9)
  3 two-headed ogres
  A satyr (D:9)
  A thrashing horror (Abyss:2)
  2 sixfirhies (Abyss:2)
  A spriggan simulacrum (Abyss:2)
  Pikel (D:7)
  2 ugly things (D:9)
  A deep elf pyromancer (D:7)
  A salamander (shapeshifter) (D:9)
  Joseph (Lair:1)
  2 cyclopes (D:9)
  2 smoke demons (Abyss:2)
  3 black mambas
  3 cane toads (Lair:2)
  2 kobold demonologists (D:9)
  5 komodo dragons
  Maggie (D:7)
  An unseen horror (D:9)
  3 ancient zymes (Abyss:2)
  2 efreet (Abyss:2)
  A polar bear (Lair:2)
  2 trolls
  A hornet (D:9)
  Grinder (D:4)
  5 raiju
  4 dream sheep (Lair:6)
  4 blink frogs (Lair:3)
  A slime creature (D:9)
  3 wraiths
  2 shadows (D:9)
  20 yaks
  A spriggan (Lair:2)
  2 wyverns
  Grum (Lair:1)
  A ynoxinul (Abyss:2)
  4 steam dragons
  Eustachio (D:4)
  2 large abominations (Abyss:2)
  2 basilisks
  4 vampire mosquitoes (D:10)
  Menkaure (D:4)
  An acid dragon (D:9)
  Duvessa (D:7)
  10 water moccasins
  5 orc warriors
  3 black bears
  A sky beast (D:5)
  An ogre (D:6)
  An ice beast (D:7)
  9 wolves
  15 centaurs
  6 kobold brigands (D:9)
  4 lemures (D:7)
  A phantom (D:5)
  12 bullfrogs
  3 necrophages
  5 gnoll sergeants
  A scorpion (D:5)
  12 wights
  Dowan (D:7)
  2 killer bees
  2 howler monkeys (D:9)
  A quasit (Abyss:2)
  A hound (D:4)
  3 small abominations (Abyss:2)
  2 human zombies (Ossuary)
  8 orc priests
  3 jellies
  An iron imp (D:7)
  6 iguanas
  8 orc wizards
  2 hell rats (Lair:3)
  5 mummies (Ossuary)
  10 gnolls
  8 adders
  2 white imps (D:8)
  2 ufetubi
  2 worms
  7 dart slugs
  46 orcs
  9 ball pythons
  6 bats
  5 endoplasms
  4 giant cockroaches (D:1)
  11 hobgoblins
  3 jackals (D:1)
  2 quokkas
  4 frilled lizards
  A gnoll zombie (Ossuary)
  8 goblins
  2 goblin zombies (Ossuary)
  3 hobgoblin zombies
  18 kobolds
  A kobold skeleton (D:7)
  3 orc skeletons (D:7)
  2 orc zombies (Ossuary)
  5 rats
405 creatures vanquished.

Vanquished Creatures (others)
  10 fungi
  61 plants
71 creatures vanquished.

Grand Total: 476 creatures vanquished

Notes
Turn   | Place    | Note
-------+----------+-------------------------------------------
     0 | D:1      | fragbeetle the Draconian Transmuter began the quest for the
                  | Orb.
     0 | D:1      | Reached XP level 1. HP: 16/16 MP: 3/3
   107 | D:1      | Reached XP level 2. HP: 19/23 MP: 3/5
   611 | D:1      | Reached XP level 3. HP: 27/28 MP: 4/6
   676 | D:1      | Found Xacetij's Antique Armour Shoppe.
   857 | D:2      | Learned a level 3 spell: Spider Form
   956 | D:2      | Found the +2 ratskin cloak {*Rats rPois rN+ Str-1 Int-1
                  | Dex+1}
  1109 | D:2      | Found a faded altar of an unknown god.
  1321 | D:2      | Reached XP level 4. HP: 32/35 MP: 7/7
  2175 | D:3      | Reached skill level 5 in Transmutations
  2246 | D:3      | Reached XP level 5. HP: 37/40 MP: 1/8
  2738 | D:3      | Reached XP level 6. HP: 30/47 MP: 6/9
  2972 | D:3      | Found a white marble altar of Elyvilon.
  3123 | D:3      | Found a shimmering altar of Xom.
  3506 | D:4      | Learned a level 4 spell: Ice Form
  3693 | D:4      | Noticed Eustachio
  3725 | D:4      | Killed Eustachio
  3913 | D:4      | Your scales start taking on an icy white colour.
  3913 | D:4      | Reached XP level 7. HP: 52/52 MP: 8/10
  3913 | D:4      | Gained mutation: Your flesh is cold resistant. (rC+) [White
                  | Draconian growth]
  3932 | D:4      | Noticed Grinder
  4104 | D:4      | Noticed Menkaure
  4157 | D:5      | Entered Level 5 of the Dungeon
  4183 | D:5      | Reached skill level 1 in Ice Magic
  4371 | D:5      | Found a sand-covered staircase.
  4619 | Ossuary  | Entered an ossuary
  5694 | D:5      | Reached XP level 8. HP: 35/59 MP: 11/11
  6098 | D:5      | Reached skill level 5 in Ice Magic
  6223 | D:5      | Found a staircase to the Ecumenical Temple.
  6243 | Temple   | Entered the Ecumenical Temple
  6354 | Temple   | Became a worshipper of Nemelex Xobeh the Trickster
  6508 | D:5      | Found Nuthiotwiewn's Distillery.
  6517 | D:5      | Bought a potion of curing for 33 gold pieces
  6517 | D:5      | Bought a potion of brilliance for 44 gold pieces
  6517 | D:5      | Bought a potion of attraction for 33 gold pieces
  6517 | D:5      | Bought a potion of flight for 33 gold pieces
  6517 | D:5      | Bought a potion of haste for 110 gold pieces
  6822 | D:4      | Found a snail-covered altar of Cheibriados.
  6929 | D:4      | Killed Grinder
  7258 | D:4      | Killed Menkaure
  7701 | D:6      | Identified the +1 cloak "Lofaun" {Str+6 Dex-2}
  7814 | D:6      | Reached skill level 4 in Unarmed Combat
  7814 | D:6      | Reached skill level 10 in Transmutations
  8162 | D:6      | Reached * piety under Nemelex Xobeh
  8291 | D:6      | Found a radiant altar of Vehumet.
  8382 | D:6      | Received a gift from Nemelex Xobeh
  8517 | D:6      | Identified the amulet "Dashre" {Acrobat rF++ rC- Regen+
                  | SInv}
  8627 | D:7      | Found an ornate altar of the Wu Jian Council.
  8710 | D:7      | Reached XP level 9. HP: 64/64 MP: 7/12
  8802 | D:7      | Reached skill level 5 in Unarmed Combat
  8982 | D:7      | Noticed Maggie
  8999 | D:7      | Killed Maggie
  9150 | D:7      | Reached skill level 6 in Unarmed Combat
  9235 | D:7      | Noticed Pikel
  9249 | D:7      | Killed Pikel
  9250 | D:7      | Reached skill level 7 in Unarmed Combat
  9305 | D:7      | Noticed a deep elf pyromancer
  9316 | D:7      | Killed a deep elf pyromancer
  9317 | D:7      | Reached skill level 8 in Unarmed Combat
  9324 | D:7      | Found a glowing golden altar of the Shining One.
  9413 | D:7      | Reached ** piety under Nemelex Xobeh
  9607 | D:7      | Found a shadowy altar of Dithmenos.
  9615 | D:7      | Noticed Dowan
  9616 | D:7      | Noticed Duvessa
  9629 | D:7      | Killed Duvessa
  9634 | D:7      | Killed Dowan
  9718 | D:7      | Reached XP level 10. HP: 69/69 MP: 8/13
  9726 | D:7      | Reached skill level 9 in Unarmed Combat
  9800 | D:7      | Found an opulent altar of Gozag.
 10107 | D:7      | Found a shimmering blue altar of Sif Muna.
 10302 | D:8      | Found an iron altar of Okawaru.
 10366 | D:8      | Found Tibu's Tempting Trifles.
 10403 | D:8      | Bought a scroll of teleportation for 39 gold pieces
 10772 | D:8      | Reached skill level 10 in Unarmed Combat
 10861 | D:8      | Found a stormy altar of Qazlal.
 11014 | D:8      | Reached skill level 1 in Invocations
 11313 | D:9      | Noticed a two-headed ogre
 11426 | D:9      | Found a staircase to the Orcish Mines.
 11439 | D:9      | Reached skill level 5 in Invocations
 11455 | D:9      | Learned a level 2 spell: Wereblood
 11565 | D:9      | Noticed a red ugly thing
 11576 | D:9      | Killed a red ugly thing
 11673 | D:9      | Received a gift from Nemelex Xobeh
 11681 | D:9      | Noticed a boulder beetle
 11681 | D:9      | Noticed a cyclops
 11761 | D:9      | Noticed a red ugly thing
 11769 | D:9      | Killed a red ugly thing
 11847 | D:8      | Reached XP level 11. HP: 47/77 MP: 12/17
 12127 | D:9      | Found a staircase to the Lair.
 12473 | D:9      | Reached skill level 10 in Invocations
 12610 | D:9      | Noticed a two-headed ogre
 12622 | D:9      | Killed a two-headed ogre
 12714 | D:9      | Reached skill level 5 in Fighting
 12899 | D:9      | Noticed a centaur warrior
 12922 | D:9      | Killed a centaur warrior
 13159 | D:9      | Noticed a satyr
 13159 | D:9      | a boulder beetle changed into a satyr
 13166 | D:9      | Killed a satyr
 13209 | D:9      | Noticed a two-headed ogre
 13215 | D:9      | Killed a two-headed ogre
 13567 | D:9      | Reached XP level 12. HP: 106/106 MP: 15/19
 13568 | D:9      | Reached skill level 10 in Fighting
 13604 | D:9      | Found Onnopuj's Magic Scroll Shoppe.
 13612 | D:9      | Bought a scroll of silence for 105 gold pieces
 13615 | D:9      | Bought a scroll of identify for 28 gold pieces
 13615 | D:9      | Bought a scroll of identify for 28 gold pieces
 13615 | D:9      | Bought a scroll of identify for 28 gold pieces
 13615 | D:9      | Bought a scroll of identify for 28 gold pieces
 13617 | D:9      | Identified a scroll of acquirement
 13619 | D:9      | Acquired 465 gold pieces
 13667 | D:10     | Entered Level 10 of the Dungeon
 13850 | D:10     | Noticed Erolcha
 13882 | D:10     | Cast into level 2 of the Abyss (Erolcha)
 14115 | Abyss:2  | HP: 5/127 [large abomination (20)]
 14137 | Abyss:2  | Found a corrupted altar of Lugonu.
 14176 | Abyss:2  | HP: 5/127 [ynoxinul/iron shot (14)]
 14849 | D:10     | Escaped the Abyss
 14851 | D:10     | HP: 1/127 [raiju (7)]
 14856 | D:10     | HP: 4/127 [Erolcha/+0 giant spiked club (18)]
 14857 | D:10     | Killed Erolcha
 14981 | D:10     | Received a gift from Nemelex Xobeh
 14982 | D:10     | Acquired Ataidocs's Reference Book on Congealing Battle
                  | Magic
 14988 | D:10     | Learned a level 3 spell: Frozen Ramparts
 15137 | D:10     | Noticed a two-headed ogre
 15148 | D:10     | Killed a two-headed ogre
 15149 | D:10     | Reached skill level 11 in Unarmed Combat
 15413 | D:10     | Reached *** piety under Nemelex Xobeh
 15418 | D:10     | Noticed a two-headed ogre
 15419 | D:10     | Noticed Lodul
 15419 | D:10     | Noticed a two-headed ogre
 15419 | D:10     | Noticed a two-headed ogre
 15419 | D:10     | Noticed a two-headed ogre
 15419 | D:10     | Noticed a two-headed ogre
 15522 | Lair:1   | Entered Level 1 of the Lair of Beasts
 15723 | Lair:1   | Noticed Grum
 15802 | Lair:1   | Noticed Joseph
 15820 | Lair:1   | Killed Joseph
 15877 | Lair:1   | Killed Grum
 15884 | Lair:1   | Reached skill level 12 in Unarmed Combat
 16419 | Lair:1   | Reached **** piety under Nemelex Xobeh
 16597 | Lair:2   | Noticed a boulder beetle
 16617 | Lair:2   | Killed a boulder beetle
 16688 | Lair:2   | Received a gift from Nemelex Xobeh
 16706 | Lair:2   | Identified the ring of Lies {rF+ EV+4 Int+4 Dex-3 Stlth+}
 17327 | Lair:2   | Received a gift from Nemelex Xobeh
 17350 | Lair:2   | Reached skill level 13 in Unarmed Combat
 17472 | Lair:3   | Found a staircase to the Swamp.
 17477 | Lair:3   | Noticed a four-headed hydra
 17494 | Lair:3   | Killed a four-headed hydra
 17803 | Lair:3   | Reached ***** piety under Nemelex Xobeh
 17875 | Lair:3   | Reached skill level 14 in Unarmed Combat
 17909 | Lair:3   | Found a broken altar of Ashenzari.
 17969 | Lair:3   | Reached XP level 13. HP: 51/113 MP: 15/20
 18064 | Lair:3   | You fall into a shaft and drop 3 floors!
 18064 | Lair:6   | Entered Level 6 of the Lair of Beasts
 18067 | Lair:6   | Received a gift from Nemelex Xobeh
 18092 | Lair:6   | HP: 4/133 [dream sheep (4)]
 18094 | Lair:6   | Slain by a yak

Illustrated notes

Levels and vault maps discovered:
D:1:      dpeg_arrival_boxorama, layout_rooms, serial_shops, nicolae_shop_trees
D:2:      layout_basic, ebering_ecumenical_altar_hall
D:3:      layout_loops_ring, elyvilon_altar_3, tgw_xom, st_stairs_11
D:4:      layout_loops_ring, kennysheep_slug_shrine, dk_noncrumbling_4,
          chequers_serial_rivers_micro_a, uniq_eustachio, uniq_menkaure,
          uniq_grinder
D:5:      layout_basic, minmay_temple_entry_arrows,
          lightli_ossuary_entry_decrepit_ruins, serial_shops,
          nicolae_lakefront_shop, serial_bayou_pond_e, chequers_big_river,
          minmay_manual_monstrance
D:6:      layout_basic, fiery_altar_vehumet, serial_curves, eino_curves_02,
          eino_curves_02, minmay_misc_feat_square, kennysheep_nondescript
D:7:      layout_loops_ring, marbit_many_paths, nicolae_wu_jian_wuxing_cycle,
          grunt_dithmenos_smoke_and_mirrors, nicolae_tso_besieged_by_evil,
          mainiacjoe_overflow_alcove_4, minmay_hedge_maze,
          kennysheep_generic_room_9, uniq_maggie, uniq_duvessa, uniq_pikel
D:8:      layout_basic, lemuel_crystal_altar, lemuel_round_altar, st_stairs_5,
          nicolae_alphabet_shops, kennysheep_generic_room_15
D:9:      nzn_winding_woodlands_large [nzn_winding_woodlands_hourglass,
          nzn_winding_woodlands_5x15_pathside_ponds,
          nzn_winding_woodlands_5x5_perimeter,
          nzn_winding_woodlands_center_garden,
          nzn_winding_woodlands_15x15_five_gardens,
          nzn_winding_woodlands_center_pierced_h,
          nzn_winding_woodlands_5x5_checkerboard,
          nzn_winding_woodlands_5x15_concentric,
          nzn_winding_woodlands_5x5_cross], layout_stronghold, lair_entry_dummy,
          david_orc_2, serial_shops, shop
D:10:     layout_loops_ring, uniq_lodul, uniq_erolcha
Temple:   jpeg_temple_clearing
Lair:1:   layout_cave_pods, uniq_grum, uniq_joseph
Lair:2:   layout_regular_city, forest_entry_grove, grunt_megastairs_5
Lair:3:   layout_cave_pods, swamp_mist, basic_altar, gammafunk_ghost_grave
Lair:6:   evil_forest, layout_cave_shapes, minmay_slime_entry_pillars,
          chequers_serial_rivers_micro_e, worms_lemuel, serial_bayou_shore_a,
          uniq_josephine

Skill      XL: |  1  2  3  4  5  6  7  8  9 10 11 12 |
---------------+-------------------------------------+-----
Transmutations | 3 4 5 6 7 8 10 | 10.0
Ice Magic      | 4 6 8 |  8.0
Unarmed Combat | 4 8 10 14 | 14.6
Invocations    | 8 10 | 10.0
Fighting       | 9 10 | 10.0
Dodging        | |  1.7
Spellcasting   | |  2.0

Action                   |  1- 3 |  4- 6 |  7- 9 | 10-12 | 13-15 || total
-------------------------+-------+-------+-------+-------+-------++-------
Melee: Unarmed           |   110 |   162 |   345 |   664 |    27 ||  1308
       Tailslap          |    10 |     8 |    15 |     4 |       ||    37
       Kick              |    20 |    17 |    31 |     3 |       ||    71
       Headbutt          |    10 |    19 |    26 |     1 |       ||    56
       Punch             |     5 |     4 |     5 |     1 |       ||    15
Throw: Dart              |       |       |       |     1 |       ||     1
 Cast: Beastly Appendage |    20 |    27 |    16 |     4 |       ||    67
       Spider Form       |       |     9 |    16 |     1 |     1 ||    27
       Ice Form          |       |       |    25 |    77 |     2 ||   104
       Wereblood         |       |       |       |     5 |       ||     5
       Frozen Ramparts   |       |       |       |     1 |     1 ||     2
Invok: Draw Destruction  |       |       |       |    10 |       ||    10
       Draw Summoning    |       |       |       |     3 |       ||     3
       Draw Escape       |       |       |       |     4 |       ||     4
 Abil: End Transformatio |       |       |     1 |     1 |       ||     2
       Breathe Frost     |       |       |       |     2 |       ||     2
Evoke: Wand              |       |       |       |     6 |       ||     6
  Use: Scroll            |       |       |       |    21 |     3 ||    24
       Potion            |       |       |       |     8 |     4 ||    12
 Stab: Sleeping          |       |       |     1 |     2 |       ||     3
Armor: Skin              |    37 |    19 |    56 |   188 |    10 ||   310
Dodge: Dodged            |    69 |   114 |   153 |   358 |    32 ||   726

Table legend: (Time is in decaauts)
 A = Elapsed time spent in this place.
 B = Non-inter-level travel time spent in this place.
 C = Inter-level travel time spent in this place.
 D = Time resting spent in this place.
 E = Time spent auto-exploring this place.
 F = Levels seen in this place.
 G = Mean time per level.
                   A        B        C        D        E       F      G
               +--------+--------+--------+--------+--------+-----+--------+
         Total |  17948 |  17294 |    654 |   1612 |  11634 |  17 | 1055.8 |
       Dungeon |  13471 |  12887 |    584 |    768 |   9407 |  10 | 1347.1 |
        Temple |    121 |    112 |      9 |      0 |     80 |   1 |  121.0 |
          Lair |   2524 |   2464 |     60 |     54 |   1927 |   4 |  631.0 |
         Abyss |    949 |    949 |      0 |    377 |      2 |   1 |  949.0 |
       Ossuary |    881 |    881 |      0 |    413 |    218 |   1 |  881.0 |
               +--------+--------+--------+--------+--------+-----+--------+

Top non-repeatable levels by time:
     D:9: 2202 daAuts
     D:3: 1704 daAuts
     D:5: 1693 daAuts
     D:7: 1520 daAuts
     D:4: 1514 daAuts
     D:8: 1301 daAuts
     D:6: 976 daAuts
  Lair:1: 957 daAuts
  Lair:2: 954 daAuts
 Abyss:2: 949 daAuts
     D:2: 915 daAuts
 Ossuary: 881 daAuts
     D:1: 847 daAuts
    D:10: 795 daAuts
  Lair:3: 585 daAuts
